Map: Eternal Empire LE

Players

OzzY

  • Race: Protoss Protoss
  • League: Bronze
  • Spawn Location: 1:00

Ratl - Winner!

  • Race: Protoss Protoss
  • League: Silver
  • Spawn Location: 7:00

VOD

Have the link to the VOD?

Description

Time

  • Played on: Feb. 5, 2020, 9:39 p.m.
  • Length: 16:11
Show
View Real Time Build Order
Export as new Build Order

OzzY Protoss 

Build Orders: Cannon Rush 

Get SALT Encoding   

  12  0:02  Probe  
  13  0:14  Probe  
  14  0:22  Pylon  
  14  0:33  Probe (Chrono Boost)  
  16  0:42  Probe (Chrono Boost)  
  16  0:43  Forge  
  16  0:47  Probe (Chrono Boost)  
  17  1:02  Pylon  
  17  1:15  Gateway  
  17  1:18  Photon Cannon  
  17  1:29  Photon Cannon  
  17  1:37  Photon Cannon  
  17  1:53  Pylon  
  17  2:13  Photon Cannon  
  17  2:16  Photon Cannon  
  17  2:19  Photon Cannon  
  17  2:23  Pylon  
  17  2:44  Photon Cannon  
  17  2:45  Photon Cannon  
  17  2:50  Photon Cannon  
  16  3:19  Probe (Chrono Boost)  
  17  3:29  Probe (Chrono Boost)  
  18  3:35  Probe (Chrono Boost)  
  18  3:37  Assimilator  
  18  3:41  Assimilator  
  19  3:45  Probe (Chrono Boost)  
  20  3:54  Gateway  
  20  3:55  Gateway  
  20  4:02  Pylon  
  19  4:36  Pylon  
  19  4:38  Probe (Chrono Boost)  
  19  4:39  Pylon  
  19  4:43  Pylon  
  20  4:49  Probe (Chrono Boost), Pylon  
  21  4:54  Probe (Chrono Boost), Pylon  
  21  4:55  Nexus  
  22  5:03  Photon Cannon  
  22  5:05  Probe  
  23  5:09  Photon Cannon  
  23  5:18  Photon Cannon  
  23  5:32  Photon Cannon  
  23  5:44  Photon Cannon  
  23  5:55  Cybernetics Core  
  23  5:58  Pylon  
  23  6:04  Pylon  
  23  6:13  Probe (Chrono Boost), Pylon  
  24  6:23  Probe (Chrono Boost)  
  25  6:28  Probe (Chrono Boost)  
  26  6:39  Probe (Chrono Boost)  
  28  6:43  Probe (Chrono Boost)  
  29  6:48  Probe (Chrono Boost)  
  30  6:55  Probe x2 (Chrono Boost)  
  30  6:56  Assimilator  
  30  7:00  Probe (Chrono Boost)  
  30  7:01  Probe, Assimilator  
  33  7:12  Probe  
  33  7:13  Probe  
  33  7:14  Stargate  
  35  7:19  Stargate  
  35  7:24  Probe (Chrono Boost)  
  35  7:27  Probe (Chrono Boost), Stargate  
  37  7:35  Stargate  
  37  7:36  Probe (Chrono Boost)  
  39  7:44  Probe (Chrono Boost)  
  39  7:50  Probe  
  40  8:01  Robotics Facility  
  40  8:03  Probe  
  41  8:15  Probe (Chrono Boost)  
  42  8:25  Probe (Chrono Boost)  
  43  8:30  Probe (Chrono Boost)  
  44  8:39  Oracle  
  44  8:40  Void Ray  
  44  8:41  Probe, Void Ray  
  56  8:51  Void Ray  
  60  8:56  Observer  
  60  9:00  Nexus  
  61  9:13  Probe (Chrono Boost)  
  62  9:23  Probe (Chrono Boost)  
  63  9:24  Pylon  
  63  9:28  Probe (Chrono Boost), Pylon  
  64  9:32  Pylon, Void Ray  
  64  9:35  Pylon  
  64  9:37  Pylon  
  68  10:02  Photon Cannon  
  68  10:03  Photon Cannon  
  68  10:05  Photon Cannon  
  68  10:07  Photon Cannon  
  68  10:09  Photon Cannon  
  68  10:13  Photon Cannon  
  68  10:22  Photon Cannon  
  68  10:28  Photon Cannon  
  68  10:34  Photon Cannon  
  68  10:39  Photon Cannon  
  68  10:48  Photon Cannon  
  47  11:38  Probe (Chrono Boost)  
  45  11:49  Probe (Chrono Boost)  
  45  11:50  Pylon  
  45  11:53  Probe (Chrono Boost), Pylon  
  46  11:56  Pylon  
  46  11:59  Pylon  
  47  12:04  Pylon  
  47  12:05  Probe  
  47  12:06  Pylon  
  40  12:11  Pylon  
  40  12:17  Probe (Chrono Boost)  
  41  12:28  Probe (Chrono Boost)  
  34  12:34  Probe (Chrono Boost)  
  35  12:37  Nexus  
  35  12:43  Probe (Chrono Boost)  
  36  12:46  Photon Cannon  
  36  12:48  Probe (Chrono Boost), Photon Cannon  
  37  12:51  Photon Cannon  
  37  12:58  Photon Cannon  
  37  13:00  Probe  
  38  13:06  Photon Cannon  
  38  13:18  Photon Cannon  
  38  13:21  Photon Cannon  
  38  13:28  Photon Cannon  
  38  13:32  Photon Cannon  
  38  13:41  Shield Battery  
  38  13:43  Shield Battery  
  38  13:49  Shield Battery  
  38  13:51  Shield Battery  
  38  13:57  Shield Battery  
  38  13:58  Probe (Chrono Boost)  
  39  14:08  Probe (Chrono Boost)  
  40  14:10  Pylon  
  40  14:13  Probe x2 (Chrono Boost)  
  40  14:24  Probe (Chrono Boost)  
  39  14:33  Probe (Chrono Boost)  
  39  14:34  Forge  
  33  14:38  Probe  
  33  14:40  Assimilator  
  33  14:44  Assimilator  
  26  14:51  Probe  
  24  15:16  Photon Cannon  
  24  15:20  Probe (Chrono Boost)  
  24  15:31  Probe (Chrono Boost)  
  24  15:34  Pylon  
  9  15:36  Probe (Chrono Boost)  
  9  15:37  Pylon  
  9  15:41  Pylon  
  10  15:46  Pylon  
  10  15:47  Probe (Chrono Boost)  
  10  15:48  Forge  
  10  15:49  Pylon  
  11  15:59  Probe (Chrono Boost)  
Show
View Real Time Build Order
Export as new Build Order

Ratl Protoss - Winner!

Build Orders: Double Forge, Chargelot Immortal 

Get SALT Encoding   

  12  0:03  Probe  
  13  0:15  Probe  
  13  0:19  Pylon  
  14  0:27  Probe  
  15  0:39  Probe, Gateway  
  16  0:51  Probe  
  17  0:58  Assimilator  
  17  1:02  Assimilator  
  17  1:03  Probe (Chrono Boost)  
  18  1:14  Probe (Chrono Boost)  
  19  1:20  Gateway  
  19  1:25  Probe  
  20  1:34  Cybernetics Core  
  20  1:37  Probe  
  21  1:50  Probe  
  22  1:59  Pylon  
  22  2:02  Probe  
  22  2:04  Pylon  
  23  2:09  Warp Gate (Chrono Boost)  
  23  2:17  Stalker  
  23  2:19  Stalker  
  28  2:22  Probe  
  28  2:35  Probe  
  29  2:43  Robotics Facility  
  29  2:47  Probe  
  29  2:49  Stalker  
  32  3:17  Probe, Stalker (Chrono Boost)  
  35  3:20  Stalker (Chrono Boost)  
  37  3:29  Probe  
  38  3:41  Probe  
  39  4:24  Forge  
  39  4:26  Forge  
  39  4:29  Pylon  
  39  4:34  Pylon, Nexus  
  39  4:47  Probe (Chrono Boost), Immortal  
  44  4:57  Protoss Ground Armor Level 1 (Chrono Boost)  
  44  4:59  Probe (Chrono Boost), Pylon  
  45  5:07  Protoss Ground Weapons Level 1 (Chrono Boost)  
  45  5:08  Probe (Chrono Boost)  
  45  5:14  Probe  
  46  5:15  Zealot  
  46  5:16  Zealot  
  51  5:26  Probe  
  51  5:27  Observer  
  53  5:38  Probe  
  54  5:48  Observer  
  54  5:49  Probe  
  56  5:50  Probe  
  57  6:01  Probe  
  57  6:02  Probe  
  59  6:06  Assimilator  
  63  6:11  Immortal  
  63  6:13  Probe  
  63  6:14  Probe  
  65  6:19  Robotics Bay, Robotics Facility  
  65  6:25  Probe  
  66  6:26  Gateway  
  66  6:30  Pylon  
  66  6:37  Pylon  
  66  6:40  Probe x2  
  66  6:43  Twilight Council  
  68  6:52  Probe x2  
  70  6:57  Assimilator  
  70  6:59  Nexus  
  70  7:04  Probe  
  70  7:05  Probe  
  72  7:12  Immortal  
  72  7:13  Immortal  
  72  7:15  Stalker x2  
  84  7:18  Probe x2  
  84  7:21  Charge  
  86  7:30  Probe x2  
  88  7:38  Protoss Ground Weapons Level 2 (Chrono Boost)  
  88  7:42  Probe x2, Protoss Ground Armor Level 2 (Chrono Boost)  
  90  7:51  Extended Thermal Lance, Warp Prism  
  92  8:03  Pylon  
  92  8:06  Probe  
  92  8:07  Probe  
  94  8:14  Probe  
  94  8:18  Probe  
  94  8:19  Probe, Pylon  
  97  8:20  Pylon  
  97  8:25  Pylon  
  97  8:26  Probe  
  98  8:27  Zealot x2  
  98  8:30  Probe, Assimilator  
  103  8:35  Assimilator  
  103  8:37  Probe  
  103  8:38  Probe  
  105  8:42  Probe, Immortal  
  110  8:49  Probe  
  110  8:50  Zealot  
  110  8:51  Zealot x2  
  110  8:53  Colossus  
  123  9:06  Dark Shrine  
  123  9:16  Probe x3  
  126  9:19  Zealot x3  
  132  9:24  Colossus  
  138  9:59  Gateway  
  138  10:01  Gateway  
  138  10:02  Protoss Ground Weapons Level 3 (Chrono Boost), Protoss Ground Armor Level 3 (Chrono Boost)  
  138  10:04  Gateway  
  138  10:06  Gateway  
  138  10:08  Gateway  
  138  10:14  Pylon  
  138  10:19  Pylon  
  138  10:21  Pylon  
  138  10:26  Pylon  
  138  10:32  Colossus  
  138  10:34  Immortal  
  148  10:40  Pylon  
  148  10:48  Pylon  
  146  10:56  Zealot  
  146  10:57  Zealot x4  
  144  11:10  Photon Cannon  
  142  11:11  Photon Cannon  
  142  11:13  Photon Cannon x2  
  140  11:22  Stalker x3  
  140  11:23  Stalker x5  
  138  11:46  Pylon, Stalker x2  
  138  11:47  Stalker x5  
  131  11:48  Stalker  
  131  11:49  Pylon  
  131  11:51  Pylon  
  133  11:58  Immortal x2  
  140  12:05  Stargate  
  140  12:06  Stargate  
  138  12:20  Stalker x3  
  139  12:26  Probe x2  
  141  12:38  Probe x3  
  144  12:50  Probe x2  
  146  13:05  Phoenix x2  
  150  13:14  Immortal  
  150  13:15  Probe  
  150  13:16  Probe  
  150  13:17  Probe  
  157  13:28  Probe x2  
  157  13:29  Probe  
  157  13:30  Phoenix  
  157  13:32  Phoenix  
  164  13:40  Probe x2  
  166  13:41  Probe  
  167  13:51  Immortal, Protoss Air Weapons Level 1  
  167  14:39  Immortal x2  
  167  14:40  Phoenix, Void Ray  
  179  14:49  Dark Templar  
  177  15:05  Phoenix  
  169  15:24  Dark Templar x5  
  169  15:25  Dark Templar x2  
  180  15:34  Pylon x2  
  180  15:37  Pylon x2  
  180  15:38  Pylon  
  180  15:39  Pylon  
  180  15:40  Pylon x2  
Tags
 
Add a new tag
Caveats
  • Supply blocks, unpowered buildings, or Contaminate may cause inaccurate times.
  • Supply counts are checked every 10 seconds.